 Dungeon Crawl Stone Soup version 0.29.1-2-gbd0b4ee654 (webtiles) character file.

Game seed: 17545250792695813273

18 raph the Firebug (level 2, -2/20 HPs)
             Began as a Draconian Fire Elementalist on Nov 23, 2022.
             Slain by a quokka (4 damage)
             ... on level 1 of the Dungeon.
             The game lasted 00:00:59 (659 turns).

raph the Firebug (Draconian Fire Elementalist)       Turns: 659, Time: 00:00:59

Health: -2/20      AC:  4    Str: 10    XL:     2   Next: 51%
Magic:  4/5        EV: 12    Int: 15    God:
Gold:   23         SH:  0    Dex: 11    Spells: 4/5 levels left

rFire   . . .      SeeInvis .   c - +0 short sword
rCold   . . .      Faith    .   (no shield)
rNeg    . . .      Spirit   .   (body armour unavailable)
rPois   .          Reflect  .   (helmet restricted)
rElec   .          Harm     .   (no cloak)
rCorr   .          Rampage  .   (no gloves)
Will    .....                   (no boots)
Stlth   ++........              (no amulet)
HPRegen 0.06/turn               (no ring)
MPRegen 0.09/turn               (no ring)

@: no status effects
A: AC +4, unfitting armour, cold-blooded
a: no special abilities


You were on level 1 of the Dungeon.
You visited 1 branch of the dungeon, and saw 1 of its levels.

You collected 23 gold pieces.

Inventory:

Hand Weapons
 c - a +0 short sword (weapon)
Jewellery
 b - a +6 ring of intelligence
Scrolls
 d - a scroll of identify {unknown}


   Skills:
 - Level 1.7 Dodging
 - Level 1.7 Stealth
 - Level 2.0 Spellcasting
 - Level 1.0 Conjurations
 + Level 3.9 Fire Magic


You had 4 spell levels left.
You knew the following spells:

 Your Spells              Type           Power      Damage    Failure   Level
a - Foxfire               Conj/Fire      32%        2x1d5     9%          1

Your spell library contained the following spells:

 Spells                   Type           Power      Damage    Failure   Level
 Scorch                   Fire           26%        2d6       7%          2
 Magic Dart               Conj           16%        1d3       14%         1
 Conjure Flame            Conj/Fire      8%         6-21      24%         3
 Inner Flame              Hex/Fire       7%         N/A       30%         3
 Call Imp                 Summ           1%         N/A       32%         2
 Mephitic Cloud           Conj/Pois/Air  2%         N/A       50%         3
 Flame Wave               Conj/Fire      8%         2d5       63%         4


Dungeon Overview and Level Annotations

Branches:
Dungeon (1/15)

Altars:


Innate Abilities, Weirdness & Mutations

Your plain brown scales are hard. (AC +4)
You cannot fit into any form of body armour.
You are cold-blooded and may be slowed by cold attacks.


Message History

The goblin hits you with a +0 club.
You barely miss the goblin.
Your tail-slap misses the goblin.
The goblin is severely wounded.
The foxfire hits the rat.
The rat is severely wounded.
The foxfire hits the goblin.
You kill the goblin!
The rat bites you but does no damage.
You hit the rat but do no damage.
The rat is severely wounded.
The rat bites you.
You closely miss the rat.
The rat is severely wounded.
The rat closely misses you. The quokka bites you.
The rat attacks as you move away! The rat bites you.
* * * LOW HITPOINT WARNING * * *
The quokka closely misses you. The quokka bites you.
* * * LOW HITPOINT WARNING * * *
You see here a dart slug corpse.
Magic courses through your body.
The quokka bites you but does no damage.
The quokka attacks as you move away!
The quokka bites you but does no damage.
The quokka bites you but does no damage.
Casting: Foxfire (safe; 9% risk of failure)
Confirm with . or Enter, or press ? or * to list all spells.
You conjure some foxfire!
The quokka twitches its whiskers.
The quokka closely misses you.
The foxfire hits the rat.
You kill the rat!
The foxfire hits the quokka.
The quokka is heavily wounded.
Casting: Foxfire (safe; 9% risk of failure)
Confirm with . or Enter, or press ? or * to list all spells.
You conjure some foxfire!
The quokka bites you but does no damage.
The quokka bites you.
You die...

##..##.#.#######.##.....
## #..†........>###.8.8
#.......#.#.#####.#.#.##.
##..###.#.#.#...#.#.#..#.
##.###.#.#.#.#.#†#.##.#.
......#†#.#.#.#.#......
#.......#..............
#.####rv#######........
#. #@.§.............. #.
#v##......####..#. #.
#.#...............
#.####.#..#########....
#.........#..........#.
####.#..#..).........#.
#.#..#...########...
#.#..#.### ###. ..#..#.#
#.


You could see a quokka (ally target).

Vanquished Creatures
  A dart slug (D:1)
  A ball python (D:1)
  2 endoplasms (D:1)
  A giant cockroach (D:1)
  3 goblins (D:1)
  2 hobgoblins (D:1)
  2 kobolds (D:1)
  A bat (D:1)
  A rat (D:1)
14 creatures vanquished.

Vanquished Creatures (others)
  30 foxfires (D:1)
30 creatures vanquished.

Grand Total: 44 creatures vanquished

Notes
Turn   | Place    | Note
-------+----------+-------------------------------------------
     0 | D:1      | raph the Draconian Fire Elementalist began the quest for
                  | the Orb.
     0 | D:1      | Reached XP level 1. HP: 14/14 MP: 3/3
   134 | D:1      | Found a faded altar of an unknown god.
   256 | D:1      | Reached XP level 2. HP: 2/20 MP: 0/5
   649 | D:1      | HP: 1/20 [quokka (3)]
   659 | D:1      | Slain by a quokka

Illustrated notes

Levels and vault maps discovered:
D:1:      sevenhm_arrival_forest_fort_small_4, layout_basic,
          shapermc_ecumenical_altar_pompeii, minmay_close_crescents

Action                   || total
-------------------------++-------
Melee: Short sword       ||    10
       Tailslap          ||     1
 Cast: Foxfire           ||    22
  Use: Potion            ||     1
Armor: Skin              ||    12
Dodge: Dodged            ||    24
